 Dungeon Crawl Stone Soup version 0.30-a0-1016-gfb0d676c02 (webtiles) character file.

Game seed: 16342063368426523592

100 Pimp the Grasshopper (level 4, -1/35 HPs)
             Began as a Barachi Warper on Apr 6, 2023.
             Slain by a steam dragon (4 damage)
             ... on level 5 of the Dungeon.
             The game lasted 00:04:16 (1559 turns).

Pimp the Grasshopper (Barachi Warper)               Turns: 1559, Time: 00:04:17

Health: -1/35      AC:  7    Str: 13    XL:     4   Next: 73%
Magic:  7/7        EV: 10    Int: 13    God:
Gold:   95         SH:  0    Dex: 13    Spells: 8/8 levels left

rFire   . . .      SeeInvis .    c - +2 dagger (venom)
rCold   . . .      Faith    .    (no shield)
rNeg    . . .      Spirit   .    e - +0 scale mail
rPois   .          Reflect  .    f - +0 helmet
rElec   .          Rampage  .    (no cloak)
rCorr   .                        (no gloves)
Will    .....                    (no boots) Stlth
                                 (no amulet)
HPRegen 0.25/turn                (no ring)
MPRegen 0.10/turn                (no ring)

@: slow
A: amphibious, slowness 1, strong legs 1, +LOS
a: Hop


You were on level 5 of the Dungeon.
You visited 1 branch of the dungeon, and saw 4 of its levels.

You collected 95 gold pieces.

Inventory:

Hand Weapons
 a - a +1 falchion
 c - a +2 dagger of venom (weapon)
Missiles
 d - 7 boomerangs of dispersal (quivered)
Armour
 b - a +0 leather armour
 e - a +0 scale mail (worn)
 f - a +0 helmet (worn)
Jewellery
 g - a ring of resist corrosion
 h - a +4 ring of protection
 k - a ring of poison resistance
Scrolls
 i - a scroll of enchant armour {unknown}
 j - a scroll of noise


   Skills:
 + Level 3.1 Fighting
 + Level 3.0 Long Blades
 + Level 1.7 Throwing
 + Level 2.3 Armour
 + Level 2.9 Dodging
 + Level 2.6 Spellcasting
 + Level 3.6 Translocations


You had 8 spell levels left.
You didn't know any spells.
Your spell library contained the following spells:

 Spells                   Type           Power      Damage    Failure   Level
 Blink                    Tloc           22%        N/A       36%         2
 Lesser Beckoning         Tloc           22%        N/A       36%         2
 Teleport Other           Tloc           11%        N/A       58%         3
 Beastly Appendage        Tmut           2%         N/A       75%         1
 Vhi's Electric Charge    Tloc/Air       12%        N/A       83%         3
 Wereblood                Tmut           1%         N/A       86%         2
 Manifold Assault         Tloc           11%        N/A       94%         4
 Dazzling Flash           Conj/Hex       2%         N/A       98%         3
 Spider Form              Tmut/Pois      1%         N/A       98%         3
 Agony                    Necr           1%         N/A       100%        5
 Silence                  Hex/Air        0%         N/A       100%        5


Dungeon Overview and Level Annotations

Branches:
Dungeon (3/15)

Altars:


Innate Abilities, Weirdness & Mutations

You are amphibious.
You cover ground slowly.
You can hop short distances.
You have an extended range of vision and can be seen from far away.


Message History

The worm is lightly wounded.
You hit the worm.
The worm looks as sick as possible!
The worm is heavily wounded.
The worm barely misses you.
You hit the worm.
The worm looks as sick as possible!
The worm is severely wounded.
You hit the worm.
You kill the worm!
You see here a worm corpse.
k - a ring of poison resistance Done exploring.
There is a stone staircase leading down here.
You climb downwards.
A sourceless malevolence fills the Dungeon...
You fall into a shaft and drop 2 floors!
The shaft crumbles and collapses.
You hear the hiss of flowing sand.
There is an entrance to an ossuary on this level.
Hurry and find it before the portal is buried!
A steam dragon comes into view.
The steam dragon hisses angrily.
The steam dragon breathes steam at you. The ball of steam hits you!
The steam dragon moves out of view.
Found 2 sedimented clear potions.
Found a stone staircase leading down.
The steam dragon breathes steam at you. The ball of steam misses you.
The steam dragon completely misses you. The steam dragon barely misses you.
You hit the steam dragon.
The steam dragon is poisoned.
The steam dragon is lightly wounded.
You barely miss the steam dragon.
The steam dragon is moderately wounded.
The steam dragon breathes steam at you. The ball of steam hits you!
* * * LOW HITPOINT WARNING * * *
You closely miss the steam dragon.
The steam dragon is moderately wounded.
You are engulfed in a cloud of scalding steam.
* * * LOW HITPOINT WARNING * * *
The steam dragon bites you but does no damage.
The steam dragon claws you.
You die...

......# ......#
#####......#
#..........
###.......#
#§........#
###.§§......#
#...§.§.....#
#.....@######
#......D.!#
............#
.............>
....####.....#.#
.... #.....# #
.. ......#
.###### ..


You could see a steam dragon (very poisoned, catching breath).

Vanquished Creatures
  An orc wizard (D:2)
  Robin (D:2)
  3 worms (D:2)
  2 orcs (D:2)
  4 endoplasms
  2 giant cockroaches
  10 goblins (D:2)
  6 hobgoblins (D:2)
  9 kobolds
  A quokka (D:2)
  2 ball pythons (D:2)
  4 bats
  2 frilled lizards
  4 rats (D:2)
51 creatures vanquished.

Notes
Turn   | Place    | Note
-------+----------+-------------------------------------------
     0 | D:1      | Pimp the Barachi Warper began the quest for the Orb.
     0 | D:1      | Reached XP level 1. HP: 17/17 MP: 3/3
   386 | D:1      | Reached XP level 2. HP: 11/23 MP: 5/5
   531 | D:2      | Found a faded altar of an unknown god.
   717 | D:2      | Reached XP level 3. HP: 16/28 MP: 6/6
   825 | D:2      | Noticed Robin
   868 | D:2      | Reached XP level 4. HP: 20/34 MP: 7/7
   898 | D:2      | Killed Robin
  1551 | D:3      | You fall into a shaft and drop 2 floors!
  1551 | D:5      | Entered Level 5 of the Dungeon
  1552 | D:5      | Noticed a steam dragon
  1559 | D:5      | Slain by a steam dragon

Illustrated notes

Levels and vault maps discovered:
D:1:      minmay_arrival_cross, layout_basic
D:2:      layout_basic, hellmonk_ecumenical_altar_slurped_away,
          minmay_small_reverse_x, uniq_robin
D:3:      layout_loops_ring
D:5:      layout_basic, gup_ossuary_entry_pyramid

Skill      XL: |  1  2  3  4 |
---------------+-------------+-----
Armour         | 2 |  2.3
Fighting       | 3 |  3.1
Long Blades    | 3 |  3.0
Throwing       | |  1.7
Dodging        | |  2.9
Spellcasting   | |  2.6
Translocations | |  3.6

Action                     |  1- 3 |  4- 6 || total
---------------------------+-------+-------++-------
  Melee: Falchion          |    59 |       ||    59
         Punch             |     2 |     1 ||     3
         Dagger            |    15 |    78 ||    93
    Use: Scroll            |     6 |       ||     6
         Potion            |       |     2 ||     2
 Armour: Leather armour    |     6 |       ||     6
         Scale mail        |    34 |    45 ||    79
  Dodge: Dodged            |    46 |    29 ||    75

Table legend: (Time is in decaauts)
 A = Elapsed time spent in this place.
 B = Non-inter-level travel time spent in this place.
 C = Inter-level travel time spent in this place.
 D = Time resting spent in this place.
 E = Time spent auto-exploring this place.
 F = Levels seen in this place.
 G = Mean time per level.
                   A        B        C        D        E       F      G
               +--------+--------+--------+--------+--------+-----+--------+
         Total |   1752 |   1724 |     28 |    302 |    977 |   4 |  438.0 |
       Dungeon |   1752 |   1724 |     28 |    302 |    977 |   4 |  438.0 |
               +--------+--------+--------+--------+--------+-----+--------+

Top non-repeatable levels by time:
     D:2: 1187 daAuts
     D:1: 556 daAuts
     D:5: 8 daAuts
